 Dungeon Crawl Stone Soup version 0.27-a0-1245-g940ed4fa31 (webtiles) character file.

Game seed: 11763852406425449515

14359 Gwenloh the Thaumaturge (level 12, -1/83 HPs)
             Began as a Djinni Venom Mage on June 9, 2021.
             Was a Believer of Makhleb.
             Slain by a frost giant
             ... wielding a +1 battleaxe of freezing
              (6 damage)
             ... on level 11 of the Dungeon on June 10, 2021.
             The game lasted 00:54:17 (13871 turns).

Gwenloh the Thaumaturge (Djinni Venom Mage)        Turns: 13871, Time: 00:54:18

Health: -1/83      AC: 15    Str:  7    XL:     12   Next: 44%
Gold:   493        EV: 10    Int: 25    God:    Makhleb [**....] SH: 10 Dex: 17

rFire    + + .     SeeInvis +   v - +4 dagger
rCold    x . .     Faith    .   W - +0 buckler
rNeg     . . .     Spirit   .   q - +0 ring mail of Death Resistance {+Blink Slay+2 SInv}
rPois    ∞         Reflect  +   J - +0 helmet
rElec    .         Harm     .   x - +2 cloak {rCorr}
rCorr    +         Rampage  .   y - +0 pair of gloves
Will     +....                  (boots unavailable)
Stlth    +.........             G - amulet of reflection
HPRegen  0.23/turn              L - +4 ring of protection
MPRegen  0.00/turn              K - +6 ring of intelligence

@: radiating poison, flying
A: sickness immunity, fire resistance 2, cold vulnerability 1, float, innate
caster, hp casting, extra vitality 1
a: Renounce Religion, Evoke Blink, Minor Destruction


You were on level 11 of the Dungeon.
You worshipped Makhleb.
Makhleb was pleased with you.
You visited 2 branches of the dungeon, and saw 12 of its levels.

You collected 493 gold pieces.

Inventory:

Hand Weapons
 v - a +4 dagger (weapon)
Missiles
 i - a throwing net
 z - 3 curare-tipped darts
Armour
 n - a +0 robe of willpower
 q - the +0 ring mail of Death Resistance (worn) {+Blink Slay+2 SInv}
   (You found it on level 4 of the Dungeon)

   It affects your accuracy and damage with ranged weapons and melee attacks
   (+2).
   It lets you see invisible.
   It lets you blink.
 t - the +6 scale mail of the Comet {Rampage rN+ Str-2 SInv}
   (You found it on level 4 of the Dungeon)

   It affects your strength (-2).
   It protects you from negative energy.
   It lets you see invisible.
   It bestows one free step when moving towards enemies.
 x - a +2 cloak of preservation (worn)
 y - a +0 pair of gloves (worn)
 J - a +0 helmet (worn)
 W - a +0 buckler (worn)
Jewellery
 g - a ring of see invisible
 G - an amulet of reflection (around neck)
 K - a +6 ring of intelligence (right hand)
 L - a +4 ring of protection (left hand)
 O - a +4 ring of protection
Wands
 s - a wand of digging (5)
 C - a wand of paralysis (9)
 F - a wand of flame (25)
 H - a wand of iceblast (11)
Scrolls
 b - 2 scrolls of magic mapping {unknown}
 c - 3 scrolls of teleportation {unknown}
 h - 2 scrolls of blinking {unknown}
 j - a scroll of torment {unknown}
 k - 5 scrolls of identify {unknown}
 l - 5 scrolls of amnesia {unknown}
 m - a scroll of immolation {unknown}
 p - 2 scrolls of enchant armour {unknown}
 A - a scroll of summoning {unknown}
 D - 2 scrolls of noise {unknown}
 I - 2 scrolls of fog {unknown}
 M - a scroll of vulnerability {unknown}
 N - a scroll of brand weapon {unknown}
Potions
 a - a potion of heal wounds {unknown}
 d - 2 potions of curing {unknown}
 e - 3 potions of flight {unknown}
 f - a potion of invisibility {unknown}
 o - 2 potions of haste {unknown}
 r - 4 potions of brilliance {unknown}
 u - 2 potions of lignification {unknown}
 w - 2 potions of degeneration {unknown}
 B - a potion of attraction {unknown}
 E - a potion of cancellation {unknown}


   Skills:
 + Level 6.0 Fighting
 - Level 5.0 Armour
 - Level 2.1 Dodging
 - Level 1.5 Stealth
 - Level 4.0 Shields
 * Level 11.8 Spellcasting
 + Level 7.8 Invocations


You had 7 spell levels left.
You knew the following spells:

 Your Spells              Type           Power      Damage    Failure   Level
a - Sting                 Tmut/Pois      100%       1d8       1%          1
b - Poisonous Vapours     Pois/Air       100%       N/A       1%          2
c - Mephitic Cloud        Conj/Pois/Air  65%        N/A       1%          3
d - Ignite Poison         Fire/Tmut/Pois 65%        N/A       1%          3
e - Olgreb's Toxic Radia  Pois           65%        N/A       1%          4
f - Animate Skeleton      Necr           100%       N/A       1%          1
g - Call Imp              Summ           65%        N/A       1%          2
h - Lesser Beckoning      Tloc           32%        N/A       1%          3
i - Stone Arrow           Conj/Erth      100%       3d13      1%          3
j - Summon Forest         Summ/Tloc      32%        N/A       2%          5
Your spell library was empty.

Dungeon Overview and Level Annotations

Branches:
Dungeon (11/15)            Temple (1/1) D:6            Lair (0/6) D:11
    Orc (0/2) D:11

Altars:
Ashenzari
Cheibriados
Dithmenos
Elyvilon
Fedhas
Gozag
Hepliaklqana
Kikubaaqudgha
Makhleb
Nemelex Xobeh
Okawaru
Qazlal
Ru
Sif Muna
Trog
Uskayaw
Vehumet
Wu Jian
Xom
Yredelemnul
Zin
The Shining One

Shops:
D:2 (


Innate Abilities, Weirdness & Mutations

You are immune to sickness and miasma.
You are immune to poison.
Your flesh is very heat resistant. (rF++)
You are vulnerable to cold. (rC-)
You float through the air rather than walking.
You learn spells naturally, not from books.
Your magical power is your life essence.
You have superior vitality. (+4 HP)


Message History

Casting: Ignite Poison (safe; 1% risk of failure)
Confirm with . or Enter, or press ? or * to list all spells.
Aiming: Poisonous Vapours (safe; 1% risk of failure)
Press: ? - help, Dir - move target, f - orc priest, p - frost giant
Aim: an orc priest, wielding a +0 hand axe and wearing a +1 leather armour of poison resistance The orc priest cannot be affected by poisonous vapours!
Unknown command.
Casting: Poisonous Vapours (safe; 1% risk of failure)
Confirm with . or Enter, or press ? or * to list all spells.
Aiming: Poisonous Vapours (safe; 1% risk of failure)
Press: ? - help, Dir - move target, f/p - orc priest
Aim: an orc priest, wielding a +0 hand axe and wearing a +1 leather armour of poison resistance The orc priest cannot be affected by poisonous vapours!
Casting: Poisonous Vapours (safe; 1% risk of failure)
Confirm with . or Enter, or press ? or * to list all spells.
Aiming: Sting (safe; 1% risk of failure)
Press: ? - help, Shift-Dir - straight line, f/p - orc priest
Aim: an orc priest, wielding a +0 hand axe and wearing a +1 leather armour of poison resistance (78% to hit)
The sting hits the orc priest but does no damage.
The orc priest is poisoned.
The frost giant is engulfed in blazing flames.
A troll comes into view.
The orc priest hits you with a +0 hand axe.
The frost giant is engulfed in blazing flames.
You block the frost giant's attack.
Casting: Sting (safe; 1% risk of failure)
Confirm with . or Enter, or press ? or * to list all spells.
You begin to radiate toxic energy.
The frost giant is poisoned.
The yaktaur captain is poisoned.
The frost giant is poisoned.
The troll is poisoned.
The frost giant looks even sicker. x2
The troll looks even sicker.
The frost giant is engulfed in blazing flames.
The frost giant points at you and mumbles some strange words.
The bolt of cold hits the frost giant.
The frost giant resists.
You hear a sizzling sound!
You block the orc priest's attack.
The frost giant hits you with a +1 battleaxe of freezing!!
* * * LOW HITPOINT WARNING * * *
The frost giant freezes you.
You die...

.....######..###.#.#.#.#.#
..)..# #8.................
.....#
##....#.###(#.#.###.
.....# #....#...#.##.##.#
.....# #.###).##.##..#
..†..# #.#.##.#..⌠..#.#
.....# ...##.#.#...(.#
.....# #.#.###..o##.##..
....## #..##....@## .# #.#
#..##.#C# # ..#...#
..###C# .. #. #.. #§: ..⌠.
c⌠| ###.. .§# #.. #T# #.


You could see 2 frost giants, a yaktaur captain (poisoned), a troll (very
poisoned) and an orc priest (poisoned).

Vanquished Creatures
  A boulder beetle (D:11)
  4 two-headed ogres
  Sonja (D:11)
  A wizard (D:11)
  An ugly thing (D:11)
  A cyclops (D:11)
  A manticore (D:11)
  Maurice (D:8)
  An unseen horror (D:11)
  2 kobold demonologists (D:6)
  5 trolls
  2 hornets
  8 yaks
  A wraith (D:10)
  A hog (shapeshifter) (D:11)
  Eustachio (D:6)
  Menkaure (D:5)
  5 water moccasins
  An ice beast (D:7)
  3 orc warriors
  3 necrophages
  3 sky beasts
  2 centaurs
  2 ogres (D:6)
  2 kobold brigands
  A wyvern zombie (D:7)
  2 bullfrogs
  2 scorpions
  A water moccasin skeleton (D:6)
  8 killer bees
  5 electric eels (D:8)
  7 howler monkeys
  3 centaur zombies
  A bullfrog zombie (D:5)
  4 hounds
  3 jellies
  3 orc priests
  Crazy Yiuf (D:5)
  A gnoll shaman (D:8)
  An iguana (D:5)
  2 orc wizards
  A hound skeleton (D:4)
  8 gnolls
  A howler monkey zombie (D:9)
  5 adders
  An ufetubus (D:4)
  A worm (D:2)
  2 dart slugs
  8 orcs
  4 ball pythons
  8 endoplasms
  8 goblins
  5 hobgoblins
  11 jackals
  A quokka (D:1)
  9 bats
  2 frilled lizards (D:2)
  36 kobolds
  6 rats
216 creatures vanquished.

Vanquished Creatures (collateral kills)
  A skeletal warrior (D:11)
  2 vampires (D:11)
3 creatures vanquished.

Vanquished Creatures (others)
  24 plants
24 creatures vanquished.

Grand Total: 243 creatures vanquished

Notes
Turn   | Place    | Note
-------+----------+-------------------------------------------
     0 | D:1      | Gwenloh the Djinni Venom Mage began the quest for the Orb.
     0 | D:1      | Reached XP level 1. HP: 15/15 MP: 0/0
   236 | D:1      | Reached XP level 2. HP: 17/22 MP: 0/0
   578 | D:1      | Reached skill level 1 in Fighting
   923 | D:1      | Reached skill level 3 in Spellcasting
   923 | D:1      | Reached XP level 3. HP: 24/27 MP: 0/0
   923 | D:1      | Learned a level 1 spell: Animate Skeleton
  1236 | D:1      | Found a faded altar of an unknown god.
  1421 | D:2      | Reached XP level 4. HP: 20/33 MP: 0/0
  2119 | D:2      | Found Esiwnul's Antique Weapon Boutique.
  2244 | D:2      | Reached XP level 5. HP: 26/38 MP: 0/0
  2244 | D:2      | Learned a level 2 spell: Call Imp
  3526 | D:3      | Reached skill level 4 in Spellcasting
  4328 | D:4      | Identified the +0 ring mail of Death Resistance {+Blink
                  | Slay+2 SInv}
  4349 | D:4      | Identified the +6 scale mail of the Comet {Rampage rN+
                  | Str-2 SInv}
  4405 | D:4      | Reached XP level 6. HP: 27/45 MP: 0/0
  4407 | D:4      | Reached skill level 1 in Shields
  4818 | D:5      | Entered Level 5 of the Dungeon
  5267 | D:5      | Reached XP level 7. HP: 21/49 MP: 0/0
  5267 | D:5      | Learned a level 3 spell: Lesser Beckoning
  5539 | D:5      | Noticed Menkaure
  5559 | D:5      | Reached skill level 5 in Spellcasting
  5830 | D:5      | Killed Menkaure
  6112 | D:5      | Found a runed translucent door.
  6113 | D:5      | Noticed Crazy Yiuf
  6468 | D:5      | Killed Crazy Yiuf
  6469 | D:5      | Reached XP level 8. HP: 51/55 MP: 0/0
  6533 | D:6      | Noticed Eustachio
  6538 | D:6      | Killed Eustachio
  6539 | D:6      | Reached skill level 6 in Spellcasting
  6820 | D:6      | Found a staircase to the Ecumenical Temple.
  6842 | Temple   | Entered the Ecumenical Temple
  6948 | Temple   | Became a worshipper of Makhleb the Destroyer
  7013 | D:6      | Reached skill level 1 in Armour
  7314 | D:6      | Noticed a kobold demonologist
  7317 | D:6      | Noticed a soul eater
  7320 | D:6      | Noticed a smoke demon
  7320 | D:6      | Noticed a kobold demonologist
  7322 | D:6      | Killed a kobold demonologist
  7323 | D:6      | Reached skill level 7 in Spellcasting
  7323 | D:6      | Reached XP level 9. HP: 43/59 MP: 0/0
  7323 | D:6      | Learned a level 3 spell: Stone Arrow
  7326 | D:6      | Noticed a sun demon
  7329 | D:6      | Noticed a sun demon
  7329 | D:6      | Killed a kobold demonologist
  8006 | D:7      | Reached skill level 8 in Spellcasting
  8280 | D:7      | Found a glowing golden altar of the Shining One.
  8748 | D:7      | Reached skill level 5 in Armour
  8970 | D:7      | Noticed a hornet
  8974 | D:7      | Killed a hornet
  8975 | D:7      | Reached skill level 1 in Invocations
  8975 | D:7      | Reached XP level 10. HP: 56/65 MP: 0/0
  9109 | D:8      | Reached * piety under Makhleb
  9221 | D:8      | Reached skill level 9 in Spellcasting
 10148 | D:8      | Noticed a two-headed ogre
 10158 | D:8      | Killed a two-headed ogre
 10527 | D:8      | Noticed Maurice
 10532 | D:8      | Killed Maurice
 10987 | D:9      | Reached skill level 10 in Spellcasting
 11211 | D:9      | Reached skill level 5 in Invocations
 11211 | D:9      | Reached XP level 11. HP: 63/70 MP: 0/0
 11211 | D:9      | Learned a level 5 spell: Summon Forest
 11416 | D:9      | Noticed a two-headed ogre
 11421 | D:9      | Killed a two-headed ogre
 11560 | D:9      | Reached ** piety under Makhleb
 12026 | D:10     | Entered Level 10 of the Dungeon
 12434 | D:10     | Found the +3 sling "Punk" {acid, rCorr}
 12646 | D:10     | Noticed a two-headed ogre
 12651 | D:10     | Killed a two-headed ogre
 12940 | D:11     | Found a staircase to the Lair.
 12948 | D:11     | Reached skill level 11 in Spellcasting
 13046 | D:11     | Noticed Sonja
 13052 | D:11     | Killed Sonja
 13054 | D:11     | Found a staircase to the Orcish Mines.
 13071 | D:11     | Noticed a brown ugly thing
 13079 | D:11     | Killed a brown ugly thing
 13130 | D:11     | Noticed a two-headed ogre
 13149 | D:11     | Killed a two-headed ogre
 13150 | D:11     | Reached skill level 5 in Fighting
 13150 | D:11     | Reached XP level 12. HP: 43/81 MP: 0/0
 13463 | D:11     | Noticed a boulder beetle
 13467 | D:11     | Killed a boulder beetle
 13499 | D:11     | Noticed a skeletal warrior
 13523 | D:11     | Killed a skeletal warrior
 13862 | D:11     | Noticed a frost giant
 13869 | D:11     | Noticed a frost giant
 13869 | D:11     | Noticed a yaktaur captain
 13871 | D:11     | Slain by a frost giant

Illustrated notes

Levels and vault maps discovered:
D:1:      psy_arrival_radial01, layout_basic,
          shapermc_ecumenical_altar_hornbeckon
D:2:      minmay_diamond_boxcup, layout_basic, serial_shops, shop_fountains,
          hex_tiny, minmay_misc_feat_tower, minmay_tromino_i2
D:3:      layout_rooms
D:4:      layout_rooms
D:5:      kennysheep_kobold_camp, layout_cave_pools, uniq_menkaure,
          uniq_crazy_yiuf_cottage
D:6:      layout_basic, minmay_temple_entry_grid, minmay_misc_feat_hallway,
          chequers_serial_rivers_marsh, minivault_25,
          hangedman_abyss_or_decor_lesser_grid, uniq_eustachio
D:7:      layout_loops_cross, amcnicky_altar_gilded
D:8:      layout_loops_ring, grunt_ministairs_14, chequers_big_river,
          uniq_maurice
D:9:      layout_long_grid
D:10:     layout_loops_ring, serial_rivers, chequers_serial_rivers_room_b,
          chequers_serial_rivers_micro_e, chequers_serial_rivers_micro_c,
          chequers_serial_rivers_small_b
D:11:     minmay_complete_graph, layout_long_grid, lair_entry_dummy,
          orc_0_dummy, uniq_erolcha, uniq_sonja, uniq_gastronok
Temple:   grunt_wide_crystal_templ

Skill      XL: |  1  2  3  4  5  6  7  8  9 10 11 12 |
---------------+-------------------------------------+-----
Fighting       | 1 2 5 6 |  6.0
Spellcasting   | 3 4 5 7 8 10 11 | 11.8
Shields        | 2 3 4 |  4.0
Armour         | 3 5 |  5.0
Invocations    | 1 5 7 |  7.8
Dodging        | |  2.1
Stealth        | |  1.5

Action                   |  1- 3 |  4- 6 |  7- 9 | 10-12 || total
-------------------------+-------+-------+-------+-------++-------
Melee: Dagger            |    10 |    45 |    85 |    68 ||   208
 Cast: Sting             |    32 |    37 |    34 |    40 ||   143
       Poisonous Vapours |    16 |    49 |    36 |    68 ||   169
       Ignite Poison     |     1 |     6 |    14 |    52 ||    73
       Olgreb's Toxic Ra |       |     5 |     3 |    17 ||    25
       Mephitic Cloud    |       |     2 |     8 |    11 ||    21
       Call Imp          |       |       |     1 |     1 ||     2
       Summon Forest     |       |       |       |     3 ||     3
Armor: Robe              |     6 |    15 |     4 |       ||    25
       Ring mail         |       |       |    26 |    31 ||    57
Dodge: Dodged            |    12 |    53 |    43 |    35 ||   143
Block: Buckler           |       |       |    17 |    40 ||    57
       Reflection        |       |       |       |     2 ||     2

Table legend: (Time is in decaauts)
 A = Elapsed time spent in this place.
 B = Non-inter-level travel time spent in this place.
 C = Inter-level travel time spent in this place.
 D = Time resting spent in this place.
 E = Time spent auto-exploring this place.
 F = Levels seen in this place.
 G = Mean time per level.
                   A        B        C        D        E       F      G
               +--------+--------+--------+--------+--------+-----+--------+
         Total |  13869 |  13473 |    396 |    999 |  10766 |  12 | 1155.8 |
       Dungeon |  13750 |  13366 |    384 |    999 |  10689 |  11 | 1250.0 |
        Temple |    119 |    107 |     12 |      0 |     77 |   1 |  119.0 |
               +--------+--------+--------+--------+--------+-----+--------+

Top non-repeatable levels by time:
     D:2: 1829 daAuts
     D:8: 1793 daAuts
     D:5: 1433 daAuts
     D:6: 1363 daAuts
     D:1: 1351 daAuts
     D:4: 1235 daAuts
     D:7: 1151 daAuts
     D:9: 1065 daAuts
    D:11: 930 daAuts
    D:10: 912 daAuts
     D:3: 682 daAuts
  Temple: 119 daAuts
